Map: Persephone LE

Players

CachoSnacks

  • Race: Terran Terran
  • League: Platinum
  • Spawn Location: 7:00

VOD

Have the link to the VOD?

Description

Training Version 1 borrar.
Saturar gases cuanto antes, despues de la fabrica dejar 2 SCV en la cada refineria.
1 va hacer la fabrica el otro a minar.

Time

  • Played on: Aug. 10, 2025, 11:02 a.m.
  • Length: 5:56
Show
View Real Time Build Order
Export as new Build Order

CachoSnacks Terran 

Build Orders:  

Get SALT Encoding   

  12  0:00  SCV  
  13  0:17  SCV  
  14  0:24  Supply Depot  
  14  0:34  SCV  
  15  0:54  SCV  
  15  0:56  Barracks  
  16  1:03  Refinery  
  16  1:11  SCV  
  16  1:16  Refinery  
  17  1:28  SCV  
  18  1:45  SCV  
  19  2:09  Reaper  
  20  2:15  Orbital Command  
  20  2:21  Supply Depot  
  20  2:34  Factory  
  21  2:53  Reaper  
  21  2:54  SCV  
  22  3:16  SCV  
  23  3:27  Command Center  
  23  3:34  Barracks Reactor  
  23  3:38  Factory Tech Lab  
  23  3:47  SCV  
  24  3:55  Starport  
  24  4:07  SCV  
  25  4:16  Cyclone  
  28  4:20  Refinery  
  28  4:24  SCV  
  28  4:25  Marine x2  
  31  4:46  Starport Tech Lab  
  31  4:55  Supply Depot  
  31  5:07  SCV, Marine x2  
  34  5:24  SCV  
Tags
 
Add a new tag
Caveats
  • Supply blocks, unpowered buildings, or Contaminate may cause inaccurate times.
  • Supply counts are checked every 10 seconds.